 Dungeon Crawl Stone Soup version 0.23-a0-844-gdc03e01 (console) character file.

8 bli the Sneak (level 2, 0/15 HPs)
             Began as a Spriggan Assassin on Jan 26, 2019.
             Killed from afar by Sigmund (6 damage)
             ... with a puff of flame
             ... on level 3 of the Dungeon.
             The game lasted 00:01:33 (302 turns).

bli the Sneak (Spriggan Assassin)                    Turns: 302, Time: 00:01:33

Health: 0/15       AC:  3    Str:  7    XL:     2   Next: 0%
Magic:  3/3        EV: 18    Int: 12    God:
Gold:   7          SH:  0    Dex: 17    Spells: 1/1 levels left

rFire    . . .     SeeInvis +   a - +2 dagger
rCold    . . .     Gourm    .   (shield restricted)
rNeg     . . .     Faith    .   c - +0 robe
rPois    .         Spirit   .   (helmet restricted)
rElec    .         Reflect  .   d - +0 cloak
rCorr    .         Harm     .   (gloves unavailable)
MR       .....                  (boots unavailable)
Stlth    +++.......             (no amulet)
HPRegen  0.05/turn              (no ring)
MPRegen  0.08/turn              (no ring)

@: very quick
A: very small, unfitting armour, see invisible, herbivore, speed 3, slow
metabolism 2
a: no special abilities


You were on level 3 of the Dungeon.
You were not hungry.

You visited 1 branch of the dungeon, and saw 3 of its levels.

You collected 7 gold pieces.

Inventory:

Hand Weapons
 a - a +2 dagger (weapon)
 b - a +0 blowgun
Armour
 c - a +0 robe (worn)
 d - a +0 cloak (worn)
Comestibles
 g - 2 rations


   Skills:
 + Level 1.7 Fighting
 + Level 2.4 Short Blades
 - Level 2.0 Throwing
 * Level 2.5 Dodging
 - Level 5.8 Stealth


You had one spell level left.
You didn't know any spells.
Your spell library was empty.

Dungeon Overview and Level Annotations

Branches:
Dungeon (3/15)

Altars:

Annotations:
D:3 Sigmund


Innate Abilities, Weirdness & Mutations

You are very small and have problems with some larger weapons.
You are too small for most types of armour.
You have supernaturally acute eyesight. (SInv)
You are a herbivore.
You cover ground extremely quickly.
You need to consume almost no food.


Message History

Sigmund barely misses you.
You closely miss Sigmund.
Sigmund is moderately wounded.
You hit Sigmund.
Sigmund is heavily wounded.
Sigmund points at you and mumbles some strange words.
You resist with some effort.
You hit Sigmund but do no damage.
Sigmund is severely wounded.
Sigmund misses you.
You closely miss Sigmund.
Sigmund is severely wounded.
Sigmund points at you and mumbles some strange words.
The puff of flame hits you!
Ouch! That really hurt!
You completely miss Sigmund.
Sigmund is severely wounded.
Sigmund gestures at you while chanting. The puff of flame hits you.
You die...

#.........(#.#.#.
#.####.###>##...
#.# #.##...##.#
##(## #.......#.#
#...######......#
#.###(## ##.#..##
..# ##@##
#.#†.### ... #..#
#.#.<..# ...#
#.?# #.##†#.# ...
#[#(####.##.#.#
.. ..##).@@..##.#
# #.# #########.#
#g #.# # #.# #.#


You could see Sigmund.

Vanquished Creatures
  A bat (D:2)
  3 giant cockroaches (D:3)
  A goblin (D:2)
  A frilled lizard (D:3)
  A rat (D:3)
7 creatures vanquished.

Notes
Turn   | Place    | Note
-------+----------+-------------------------------------------
     0 | D:1      | bli the Spriggan Assassin began the quest for the Orb.
     0 | D:1      | Reached XP level 1. HP: 10/10 MP: 2/2
    40 | D:1      | You fall through a shaft!
   250 | D:3      | Noticed Sigmund
   281 | D:3      | Reached XP level 2. HP: 15/15 MP: 3/3
   302 | D:3      | Killed from afar by Sigmund

Vault maps used:
D:1:      dpeg_arrival_another_circle, minmay_misc_feat_four_crosses,
          minmay_misc_feat_roman
D:2:      nicolae_overflow_hidden_temple, corexii_corridor_pit,
          minmay_tiny_reverse_x
D:3:      first_ration, uniq_sigmund

Skill      XL: |  1 |
---------------+----+-----
Dodging        | 2 |  2.5
Fighting       | |  1.7
Short Blades   | |  2.4
Throwing       | |  2.0
Stealth        | |  5.8

Action                   || total
-------------------------++-------
Melee: Dagger            ||    39
 Fire: Blowgun           ||    10
 Stab: Sleeping          ||     2
Armor: Robe              ||     6
Dodge: Dodged            ||    25

Table legend:
 A = Non-vault XP
 B = Vault XP
 C = Vault XP percentage of total XP
 D = Non-vault monster count
 E = Vault monster count
 F = Vault count percentage of total count
                 A         B        C        D         E       F
            +---------+---------+-------+---------+---------+-------
      Total |      12 |       0 |   0.0 |       7 |       0 |   0.0
            +---------+---------+-------+---------+---------+-------
        D:2 |       4 |       0 |   0.0 |       2 |       0 |   0.0
        D:3 |       8 |       0 |   0.0 |       5 |       0 |   0.0
            +---------+---------+-------+---------+---------+-------
